 Dungeon Crawl Stone Soup version 0.17.1-3-g152610e (webtiles) character file.

412 Jerry the Covered (level 6, -2/37 HPs)
             Began as a Tengu Fighter on Mar 8, 2016.
             Was a Follower of Okawaru.
             Killed from afar by an orc wizard (5 damage)
             ... with a magic dart
             ... on level 4 of the Dungeon.
             The game lasted 00:16:48 (3098 turns).

Jerry the Covered (Tengu Fighter)                   Turns: 3098, Time: 00:16:48

Health: -2/37      AC: 10    Str: 17    XL:     6   Next: 90%
Magic:  7/7        EV:  9    Int:  8    God:    Okawaru [*.....]
Gold:   119        SH:  9    Dex: 15    Spells: 0 memorised, 5 levels left

rFire  . . .     SeeInvis .     a - +0 trident
rCold  . . .     Clarity  .     b - +0 scale mail
rNeg   . . .     SustAt   .     c - +0 shield
rPois  .         Gourm    +     (helmet restricted)
rElec  .         Spirit   .     p - +2 cloak
rCorr  .         Warding  .     (no gloves)
rMut   .         Stasis   .     (boots unavailable)
MR     .....                    f - amulet of the gourmand
Stlth  ..........               (no ring)
                                (no ring)

@: not resistant to hostile enchantments, extremely unstealthy
A: beak, talons 3, able to fly 1
a: Fly, Heroism, Renounce Religion


You were on level 4 of the Dungeon.
You worshipped Okawaru.
Okawaru was aware of your devotion.
You were completely stuffed.

You visited 1 branch of the dungeon, and saw 4 of its levels.

You collected 119 gold pieces.

Inventory:

Hand Weapons
 a - a +0 trident (weapon)
Missiles
 y - 8 tomahawks (quivered)
Armour
 b - a +0 scale mail (worn)
 c - a +0 shield (worn)
 p - a +2 cloak (worn)
Jewellery
 f - an amulet of the gourmand (around neck)
 m - an uncursed amulet of clarity
Scrolls
 g - a scroll of magic mapping {unknown}
 j - a scroll of remove curse
 k - a scroll of enchant armour {unknown}
 q - a scroll of enchant weapon {unknown}
 s - a scroll of amnesia {unknown}
 t - a scroll of fog {unknown}
 v - a scroll of identify {unknown}
Potions
 d - a potion of might
 h - 3 potions of curing {unknown}
 i - a potion of mutation {unknown}
 l - a potion of cure mutation {unknown}
 n - 2 potions of brilliance {unknown}
 o - a potion of degeneration {unknown}
 r - a potion of poison {unknown}
 u - a potion of invisibility {unknown}
Comestibles
 e - 3 bread rations
 w - a chunk of flesh
 x - 3 fruits


   Skills:
 - Level 3.0 Fighting
 + Level 4.0 Polearms
 + Level 4.8 Armour
 + Level 3.5 Dodging
 - Level 1.3 Stealth
 + Level 4.5 Shields


You had 5 spell levels left.
You didn't know any spells.

Dungeon Overview and Level Annotations

Branches:
Dungeon (4/15)
 Temple: D:4-7

Altars:
Fedhas
Okawaru
Xom


Innate Abilities, Weirdness & Mutations

You have a beak for a mouth.
You have claws for feet.
You can fly.


Message History

You kill the orc priest!
Okawaru accepts your kill.
Your Polearms skill increases to level 4!
You barely miss the orc. You claw the orc. Your peck misses the orc.
The orc is moderately wounded.
The orc hits you with a short sword.
* * * LOW HITPOINT WARNING * * *
The orc hits you with a short sword.
* * * LOW HITPOINT WARNING * * *
You hit the orc. You claw the orc.
You kill the orc!
Okawaru accepts your kill.
You start resting.
An orc wizard comes into view. It is wielding a dagger.
The orc wizard shouts!
The orc wizard gestures wildly while chanting.
The orc wizard seems to speed up.
The orc wizard casts a spell at you. The magic dart hits you!
You die...

#.########...## ##
#.#########'##
.#.##........####
###.#.#####..##.##
##....>.#..#...##
#.#.###.........##
#.##.#
#..........# #.#
#.# ##.....)..##
## #.#
##..#..@#######.#
#.#
#..#.#.....)o..#
#..
....##.##########
### ##.##### #.#


You could see an orc wizard.

Vanquished Creatures
  A hound (D:4)
  4 orc wizards (D:3)
  A crimson imp (D:4)
  An orc priest (D:4)
  A jelly (D:3)
  Terence (D:3)
  2 gnolls (D:2)
  4 adders
  An ooze (D:1)
  An adder skeleton (D:4)
  A worm (D:2)
  21 orcs
  A ball python (D:1)
  3 bats (D:2)
  8 hobgoblins
  4 jackals (D:3)
  4 kobolds
  A quokka (D:3)
  A giant cockroach (D:2)
  2 giant newts
  7 goblins
  6 rats
76 creatures vanquished.

Notes
Turn   | Place    | Note
--------------------------------------------------------------
     0 | D:1      | Jerry the Tengu Fighter began the quest for the Orb.
     0 | D:1      | Reached XP level 1. HP: 14/14 MP: 2/2
   197 | D:1      | Reached skill level 1 in Stealth
   197 | D:1      | Reached XP level 2. HP: 13/19 MP: 3/3
   219 | D:1      | Reached skill level 1 in Dodging
   459 | D:1      | Reached XP level 3. HP: 23/23 MP: 4/4
  1251 | D:2      | Reached XP level 4. HP: 26/28 MP: 5/5
  1256 | D:2      | Found an iron altar of Okawaru.
  1300 | D:2      | Became a worshipper of Warmaster Okawaru
  1371 | D:2      | Reached skill level 4 in Armour
  1538 | D:3      | Gained mutation: You can fly. [Tengu growth]
  1538 | D:3      | Reached XP level 5. HP: 21/32 MP: 6/6
  1797 | D:3      | Noticed Terence
  1808 | D:3      | Killed Terence
  1964 | D:3      | Found a blossoming altar of Fedhas.
  2295 | D:3      | Reached XP level 6. HP: 33/37 MP: 7/7
  2980 | D:4      | Found a shimmering altar of Xom.
  3024 | D:4      | Reached * piety under Okawaru
  3077 | D:4      | HP: 1/37 [orc/short sword (3)]
  3098 | D:4      | Killed from afar by an orc wizard

Action                   |  1- 3 |  4- 6 || total
-------------------------+-------+-------++-------
Melee: Trident           |   113 |   190 ||   303
  Use: Potion            |       |     1 ||     1
       Scroll            |       |     1 ||     1
  Eat: Chunk             |     8 |    11 ||    19
